 Dungeon Crawl Stone Soup version 0.29-a0-824-gd827844252 (webtiles) character file.

Game seed: 3956922411932787780

29 freelancePsychic the Sneak (level 3, -1/30 HPs)
             Began as a Barachi Delver on July 9, 2022.
             Hit by a goblin thrown by Robin (3 damage)
             ... on level 2 of the Dungeon.
             The game lasted 00:02:46 (772 turns).

freelancePsychic the Sneak (Barachi Delver)          Turns: 772, Time: 00:02:46

Health: -1/30      AC:  3    Str: 13    XL:     3   Next: 16%
Magic:  3/3        EV: 12    Int: 12    God:
Gold:   21         SH:  0    Dex: 13    Spells: 2/2 levels left

rFire   . . .      SeeInvis .   d - +0 dagger (drain)
rCold   . . .      Faith    .   (no shield)
rNeg    . . .      Spirit   .   b - +0 leather armour
rPois   .          Reflect  .   (no helmet)
rElec   .          Harm     .   (no cloak)
rCorr   .          Rampage  .   (no gloves)
Will    .....                   (no boots)
Stlth   ++........              (no amulet)
HPRegen 0.10/turn               (no ring)
MPRegen 0.08/turn               (no ring)

@: unable to hop, slow
A: amphibious, slowness 1, strong legs 1, +LOS
a: Hop


You were on level 2 of the Dungeon.
You visited 1 branch of the dungeon, and saw 4 of its levels.

You collected 21 gold pieces.

Inventory:

Hand Weapons
 a - a +0 spear
 d - a +0 dagger of draining (weapon)
 f - a +0 lajatang
Armour
 b - a +0 leather armour (worn)
 h - a +0 ring mail
Wands
 g - a wand of digging (3)
Scrolls
 c - 2 scrolls of fog
 i - a scroll of vulnerability {unknown}
 j - a scroll of immolation {unknown}


   Skills:
 + Level 4.1 Fighting
 * Level 2.4 Short Blades
 - Level 2.0 Polearms
 - Level 2.1 Dodging
 - Level 4.5 Stealth


You had 2 spell levels left.
You didn't know any spells.
Your spell library was empty.

Dungeon Overview and Level Annotations

Branches:
Dungeon (5/15)
 Temple: D:4-7

Altars:

Annotations:
D:2 Robin


Innate Abilities, Weirdness & Mutations

You are amphibious.
You cover ground slowly.
You can hop short distances.
You have an extended range of vision and can be seen from far away.


Message History

The dart slug is severely wounded.
You hit the dart slug. You drain the dart slug.
You kill the dart slug!
No target in view!
There is a stone staircase leading up here.
An orc, 2 orc priests and an endoplasm come into view.
An orc priest is wielding a +0 club and wearing a +1 ring mail of willpower.
The orc shouts!
The endoplasm quivers.
The orc priest calls down the wrath of Beogh upon you.
Beogh smites you! The endoplasm freezes you.
You are frozen.
The endoplasm barely misses you.
The orc priest shouts!
You hear a shout!
You are too injured to fight recklessly!
An orc comes into view.
It is wielding a +2 dagger of electrocution.
The orc priest invokes the aid of Beogh against you.
Beogh smites you!
* * * LOW HITPOINT WARNING * * *
Hop to where?
Press: ? - help, Dir - move target Boing!
Okay, then.
You aren't carrying any potions.
Unknown command.
There is a stone staircase leading up here.
The endoplasm closely misses you.
You climb upwards.
The goblin shouts! x4; The hobgoblin shouts!
The goblin shouts!
An adder comes into view.
The adder hisses angrily.
Found a scroll labelled ESURUT VOLAS.
There is a stone staircase leading down here.
Robin shouts!
The goblin shouts!
You hit the endoplasm. You drain the endoplasm.
You kill the endoplasm!
The hobgoblin hits you but does no damage.
A goblin comes into view. It is wielding a +0 dagger.
Robin throws the goblin at you!
You die...

##### # ## .....
. ##g.#g..#.#
###...#...#.#####
..g.g...........
#.g...gg....#
#.gg.g.@g..#
##..S#...### ##
#...# #####


You could see Robin, an adder, 3 hobgoblins and 7 goblins.

Vanquished Creatures
  An adder (D:4)
  2 dart slugs (D:3)
  A bat (D:3)
  2 endoplasms
  A giant cockroach (D:3)
  3 jackals (D:3)
  3 kobolds
  A ball python (D:3)
  2 frilled lizards (D:3)
  A rat (D:3)
17 creatures vanquished.

Notes
Turn   | Place    | Note
-------+----------+-------------------------------------------
     0 | D:5      | freelancePsychic the Barachi Delver began the quest for the
                  | Orb.
     0 | D:5      | Reached XP level 1. HP: 18/18 MP: 1/1
    54 | D:4      | Reached skill level 1 in Short Blades
    54 | D:4      | Reached XP level 2. HP: 11/25 MP: 2/2
   502 | D:3      | Reached XP level 3. HP: 30/30 MP: 3/3
   766 | D:3      | HP: 1/30 [orc priest/divine providence (12)]
   771 | D:2      | Noticed Robin
   772 | D:2      | Hit by a goblin thrown by Robin

Illustrated notes

Levels and vault maps discovered:
D:2:      layout_loops_cross, basic_altar, uniq_robin
D:3:      layout_basic, portal_sewer_entry_a, interstate_on_off,
          roderic_serpentine_path, minmay_stone_trees_small, uniq_ijyb
D:4:      layout_loops_ring, minmay_temple_entry_nine_rooms
D:5:      layout_cave_pools, nzn_hepliaklqana_mist_gate,
          nicolae_overflow_two_pavilions, dk_yredelemnul_ordeal, uniq_eustachio

Skill      XL: |  1  2 |
---------------+-------+-----
Short Blades   | 1 2 |  2.4
Fighting       | 4 |  4.1
Polearms       | |  2.0
Dodging        | |  2.1
Stealth        | |  4.5

Action                   || total
-------------------------++-------
Melee: Spear             ||    15
       Dagger            ||    53
 Abil: Hop               ||     2
  Use: Scroll            ||     3
       Potion            ||     1
 Stab: Sleeping          ||     3
Armor: Leather armour    ||    15
Dodge: Dodged            ||    37

Table legend: (Time is in decaauts)
 A = Elapsed time spent in this place.
 B = Non-inter-level travel time spent in this place.
 C = Inter-level travel time spent in this place.
 D = Time resting spent in this place.
 E = Time spent auto-exploring this place.
 F = Levels seen in this place.
 G = Mean time per level.
                   A        B        C        D        E       F      G
               +--------+--------+--------+--------+--------+-----+--------+
         Total |    791 |    748 |     43 |    267 |    206 |   4 |  197.8 |
       Dungeon |    791 |    748 |     43 |    267 |    206 |   4 |  197.8 |
               +--------+--------+--------+--------+--------+-----+--------+

Top non-repeatable levels by time:
     D:3: 534 daAuts
     D:4: 223 daAuts
     D:5: 29 daAuts
     D:2: 4 daAuts
